[Event "Early-Titled-Tuesday-Blitz-September-05-2023"]
[Site "Chess.com"]
[Date "2023.09.05"]
[Round "7"]
[White "Rsnr"]
[Black "HansOnTwitch"]
[Result "0-1"]
[WhiteElo "2911"]
[BlackElo "3062"]
[TimeControl "180+1"]
[EndTime "9:17:29 PDT"]
[Termination "HansOnTwitch won by resignation"]

1. d4 Nf6 2. c4 e6 3. Nf3 b6 4. a3 Bb7 5. Nc3 d5 6. Bg5 Nbd7 7. cxd5 exd5 8. Qa4 a6 9. Bxf6 Qxf6 10. Ne5 Qd6 11. Qxd7+ Qxd7 12. Nxd7 Kxd7 13. g3 c6 14. Bh3+ Kc7 15. Rc1 Rd8 16. O-O Be7 17. e3 h5 18. Rc2 h4 19. Bg2 Kb8 20.
Ne2 Rh6 21. Nf4 Rdh8 22. Rfc1 Bd6 23. Nd3 a5 24. b4 hxg3 25. hxg3 a4 26. Nb2 b5 27. Nd3 Ka7 28. Rxc6 Bxc6 29. Rxc6 Rd8 30. Bxd5 Bxg3 31. fxg3 Rxd5 32. Rc7+ Kb6 33. Rxf7 Rg5 34. Kg2 Rf6 35. Rxf6+ gxf6 36. Nc5 Kc6 37. Ne4 Rg6 38. Kf3 Kd5 39. Nd2 f5 40. Kf4 Rg4+ 41. Kf3 Rg8 42. Kf4 Rg7 43. Kxf5 Rf7+ 44. Kg4 Rf2 45. Nf3 Ke4 46. Ng5+ Kxe3 47. d5 Rd2 48. Kf5 Rxd5+ 49. Kf6 Rd3 50. Ne6 Rxa3 51. Nc7 Rb3 52. Nxb5 Rxb4 53.
Nc7 Kf3 54. Nd5 Rb3 0-1

[Event "Early-Titled-Tuesday-Blitz-September-05-2023"]
[Site "Chess.com"]
[Date "2023.09.05"]
[Round "7"]
[White "Gogolev_Artemy"]
[Black "Larina_Maria"]
[Result "1-0"]
[WhiteElo "2412"]
[BlackElo "2195"]
[TimeControl "180+1"]
[EndTime "9:17:29 PDT"]
[Termination "Gogolev_Artemy won by resignation"]

1. c4 e5 2. g3 f5 3. d4 exd4 4.
Qxd4 Nc6 5. Qd3 Qf6 6. Bg2 Ne5 7. Qc2 Bc5 8. Nh3 Ng4 9. O-O Qb6 10. Qxf5 N8f6 11. Nc3 d6 12. Na4 Bxf5 13. Nxb6 axb6 14. Nf4 c6 15. e4 Bd7 16. Nd3 Ne5 17. Nxc5 dxc5 18.
b3 O-O 19. f4 Nd3 20. Bd2 Nb4 21. a4 Rad8 22. a5 bxa5 23. Rxa5 Bg4 24. Bxb4 cxb4 25. e5 Nd7 26. h3 Be6 27. g4 g6 28. Be4 Nb8 29. f5 gxf5 30. gxf5 Bc8 31. e6 Rde8 32. Kh2 Na6 33. Rf4 Kg7 34. f6+ Rxf6 35. Rg5+ Rg6 36. Rf7+ Kg8 37. Bxg6 hxg6 38. Rxg6+ Kh8 39. e7 Bd7 40. Rd6 Nc5 41. Rf8+ Kg7 42. Rxd7 Rxf8 43. exf8=Q+ Kxf8 44. Rc7 Nxb3 45. Rxb7 Nd4 46. Rxb4 Ke7 47.
c5 Ne6 48. Rc4 Nc7 49. Kg3 Ke6 50. h4 Kd5 51. Rc1 Ne6 52. h5 Nxc5 53. Rxc5+ Kxc5 54. h6 Kb4 55. h7 c5 56. h8=Q c4 57. Qb2+ Kc5 58.
Kf4 Kd5 59. Qc3 Kc5 60. Ke5 1-0

[Event "Early-Titled-Tuesday-Blitz-September-05-2023"]
[Site "Chess.com"]
[Date "2023.09.05"]
[Round "7"]
[White "Massakru"]
[Black "CFalcons8"]
[Result "0-1"]
[WhiteElo "2417"]
[BlackElo "2289"]
[TimeControl "180+1"]
[EndTime "9:17:30 PDT"]
[Termination "CFalcons8 won by resignation"]

1. e4 e5 2. d4 exd4 3. Qxd4 Nc6 4. Qe3 Nf6 5. e5 Nd5 6. Qe4 Nb6 7. Nf3 Bc5 8. Nc3 Qe7 9. Bg5 f6 10. exf6 gxf6 11.
Bxf6 Qxe4+ 12. Nxe4 O-O 13. Nxc5 Rxf6 14. O-O-O d6 15. Ne4 Rf4 16. Ng3 Bg4 17. Be2 Re8 18.
h3 Be6 19. Rhe1 h6 20. Nh5 Rf7 21. Bb5 Bd7 22. Rxe8+ Bxe8 23. Re1 Bd7 24. Bd3 Kf8 25. Bg6 Re7 26. Rd1 Ne5 27. Nxe5 Rxe5 28. f4 Re2 29. g4 Rh2 30. Rd3 Bb5 31. Re3 Nc4 32. Re1 Rxh3 33. a4 Bc6 34. b3 Ne3 35. f5 Nxg4 36. f6 Re3 37. Rg1 Ne5 38. Bf5 Bd5 39. Rg7 Rf3 40. Bh7 Rxf6 41. Rxc7 Rf7 42. Rc8+ Ke7 43. Bg8 Rf1+ 44. Kb2 Bxg8 45. Rxg8 Rf5 46. Ng3 Rg5 47.
Rxg5 hxg5 48. Kc3 Ke6 49. Kd4 Nc6+ 50. Ke4 d5+ 51. Kf3 Ke5 52. Ne2 Nd4+ 53. Nxd4 Kxd4 54.
b4 Kc3 55. b5 Kxc2 56. Ke3 Kc3 57. a5 Kb4 58. b6 axb6 59. axb6 Kc5 0-1

[Event "Early-Titled-Tuesday-Blitz-September-05-2023"]
[Site "Chess.com"]
[Date "2023.09.05"]
[Round "7"]
[White "emeli_chess"]
[Black "Iskusnyh"]
[Result "0-1"]
[WhiteElo "2368"]
[BlackElo "2618"]
[TimeControl "180+1"]
[EndTime "9:17:31 PDT"]
[Termination "Iskusnyh won by resignation"]

1. d4 d5 2. c4 c6 3. Nc3 Nf6 4. e3 e6 5. Nf3 a6 6. c5 Nbd7 7. Bd3 g6 8. O-O Bg7 9. e4 dxe4 10. Nxe4 Nxe4 11. Bxe4 O-O 12. Bf4 Re8 13. Bd6 Bf8 14.
Bxf8 Rxf8 15. Qe2 Qf6 16. Bc2 b6 17. cxb6 Rb8 18. b4 Rxb6 19. a3 a5 20. bxa5 Ba6 21. Bd3 Bxd3 22. Qxd3 Rb5 23. a4 Rxa5 24. Rfc1 c5 25.
d5 c4 26. Qxc4 Rxd5 27. a5 Rc5 28. Qa4 Rfc8 29. Rxc5 Nxc5 30. Qa3 Na6 31. h4 Qc3 32. Qxc3 Rxc3 33. h5 gxh5 34. Rb1 Ra3 35. Rb5 Nc7 36. Rxh5 Nd5 37. Ng5 Nf6 38. Rh3 Rxa5 39. f4 Ng4 40. g3 h6 41. Ne4 f5 42. Nd6 Ra1+ 43. Kg2 Ra2+ 44. Kg1 Kg7 45. Rh1 Ra1+ 46. Kg2 Ra2+ 47. Kg1 Ne3 48. Rh2 Ra1+ 49. Kf2 Ng4+ 50. Kg2 Nxh2 51.
Kxh2 Kg6 52. Kh3 Rh1+ 53. Kg2 Rd1 54. Nc4 Re1 55. Kf2 Re4 56. Nd6 Ra4 57. Kf3 Kf6 58. Nb5 Ra1 59. Nc3 Ra3 0-1

[Event "Early-Titled-Tuesday-Blitz-September-05-2023"]
[Site "Chess.com"]
[Date "2023.09.05"]
[Round "7"]
[White "KorolDimitriy75"]
[Black "AdrianaPalao"]
[Result "1-0"]
[WhiteElo "2315"]
[BlackElo "2044"]
[TimeControl "180+1"]
[EndTime "9:17:32 PDT"]
[Termination "KorolDimitriy75 won by checkmate"]

1. d4 Nf6 2. c4 e6 3. Nc3 b6 4.
e4 d6 5. Qc2 Bb7 6. Nf3 Be7 7.
Be2 O-O 8. O-O Nbd7 9. Re1 c5 10. b3 Qc7 11. Bb2 cxd4 12. Nxd4 Nc5 13. f3 a6 14. Rad1 Rac8 15. Bf1 Ncd7 16. Qf2 Ne5 17. h3 Ng6 18. Rd2 d5 19. exd5 exd5 20. cxd5 Nxd5 21. Nxd5 Bxd5 22. Nf5 Bc5 23. Bd4 Bb4 24. Bxg7 Bxd2 25. Qxd2 Be6 26.
Bxf8 Rxf8 27. Nd4 Bc8 28. Qf2 Rd8 29. Ne2 Rd2 30. Qe3 Rd8 31. Nd4 Bd7 32. Ne2 Re8 33.
Qf2 Bb5 34. Rc1 Qf4 35. Nxf4 Nxf4 36. Bxb5 axb5 37. Re1 Rd8 38. Re4 Rd1+ 39. Kh2 Ng6 40. Qg3 Rd8 41. h4 h5 42. Re5 Kg7 43. Rxh5 Rd7 44.
Rg5 Kh6 45. h5 Ne7 46. Re5 Kh7 47. Qg5 Nc6 48. Re8 Rd6 49. Qg8+ Kh6 50. Qxf7 Ne5 51.
Rh8+ Kg5 52. Rg8+ Kh6 53. Qg7+ Kxh5 54. Qg5# 1-0

[Event "Early-Titled-Tuesday-Blitz-September-05-2023"]
[Site "Chess.com"]
[Date "2023.09.05"]
[Round "7"]
[White "Orlov_Oleg"]
[Black "Abund"]
[Result "0-1"]
[WhiteElo "2599"]
[BlackElo "2729"]
[TimeControl "180+1"]
[EndTime "9:17:33 PDT"]
[Termination "Abund won by resignation"]

1. e4 e5 2. Nf3 Nc6 3. Bb5 Nf6 4. O-O Nxe4 5. d4 Nd6 6. Bxc6 dxc6 7. dxe5 Nf5 8. Qxd8+ Kxd8 9. Rd1+ Ke8 10. Nc3 Ne7 11.
Be3 Bg4 12. Rd3 Bxf3 13. gxf3 Nf5 14. Rad1 Be7 15. Ne4 b6 16. c4 Rd8 17. Rxd8+ Bxd8 18.
Ng3 Nh4 19. f4 g6 20. b4 Ke7 21. f5 Nf3+ 22. Kg2 Nxe5 23. Bd4 f6 24. c5 Nd7 25. Re1+ Kf7 26. Re6 gxf5 27. Re1 f4 28. Nf5 Kg6 29.
Nh4+ Kg5 30. Nf3+ Kf5 31. Nh4+ Kg4 32. Nf3 Rg8 33. h3+ Kf5+ 34. Kh2 Kg6 35. Nh4+ Kh5 36.
Nf3 Kg6 37. Nh4+ Kf7 38. Nf5 Rg5 39. Nh6+ Kg7 40. Ng4 Kf7 41. Nh6+ Kf8 42. Rd1 Be7 43. cxb6 axb6 44. a3 Ne5 45. Kh1 Nf3 46. Ng4 Rd5 47. Rd3 Nxd4 48. Kg2 f3+ 49. Kg3 Ne2+ 50. Kxf3 Rxd3+ 51. Kxe2 Rxh3 52. f3 f5 53. Ne3 Rh5 54. Kd3 Kf7 55. Ng2 Rg5 56. Nf4 Bd6 57. Nh3 Rg3 58.
Nf2 Rxf3+ 0-1

[Event "Early-Titled-Tuesday-Blitz-September-05-2023"]
[Site "Chess.com"]
[Date "2023.09.05"]
[Round "7"]
[White "The_Princess_Moon"]
[Black "jlf287"]
[Result "1-0"]
[WhiteElo "2282"]
[BlackElo "2460"]
[TimeControl "180+1"]
[EndTime "9:17:33 PDT"]
[Termination "The_Princess_Moon won on time"]

1. e4 e5 2. Nf3 Nc6 3. Nc3 Nf6 4. Bb5 Bb4 5. O-O O-O 6. d3 Bxc3 7. bxc3 d6 8. Bg5 h6 9. Bh4 Qe7 10. Re1 Nd8 11. Bc4 Be6 12. Bb3 Bxb3 13. axb3 Ne6 14.
Bg3 a6 15. d4 Ng5 16. dxe5 Nxf3+ 17. Qxf3 dxe5 18. Qf5 Rfe8 19. Ra5 c5 20. Bh4 g5 21.
Bg3 Rad8 22. b4 Nd7 23. b5 Qe6 24. Qf3 Qb6 25. Rea1 axb5 26. h4 Nf8 27. Qh5 Qg6 28. Qxg6+ Nxg6 29. hxg5 hxg5 30. Rxb5 Re7 31. Rxc5 Rd2 32.
Ra2 Kg7 33. Rd5 Rd7 34. Bxe5+ f6 35. Rxd7+ Rxd7 36. Bd4 Nf4 37. f3 Ne6 38. Ra4 Kf7 39. Rb4 Rc7 40. Kf2 Rd7 41. Ke3 Nf4 42. g3 Ne6 43. f4 gxf4+ 44. gxf4 Rc7 45. Rb6 Rd7 46. f5 Nxd4 47. cxd4 Rc7 48. Kd3 Ke7 49. c3 Rd7 50. e5 fxe5 51. Ke4 exd4 52. cxd4 Rc7 53. Re6+ Kf7 54.
Ke5 Rc1 55. d5 b5 56. Rb6 Re1+ 57. Kd6 Re3 58. Rxb5 1-0

[Event "Early-Titled-Tuesday-Blitz-September-05-2023"]
[Site "Chess.com"]
[Date "2023.09.05"]
[Round "7"]
[White "Firouzja2003"]
[Black "Anton_Demchenko"]
[Result "0-1"]
[WhiteElo "3111"]
[BlackElo "2942"]
[TimeControl "180+1"]
[EndTime "9:17:34 PDT"]
[Termination "Anton_Demchenko won by resignation"]

1. d4 Nf6 2. c4 d6 3. Nf3 Nc6 4. Nc3 e5 5. g3 Be7 6. Bg2 O-O 7. O-O h6 8. e3 a5 9. b3 Bf5 10. Nh4 Bh7 11. d5 Nb4 12. e4 Nd7 13. Nf5 Bxf5 14.
exf5 Bg5 15. Bb2 Nc5 16. h4 Bf6 17. Be4 Qd7 18. Qf3 Nba6 19. Rab1 a4 20. Ba3 axb3 21. axb3 Qe7 22. b4 Nxe4 23. Nxe4 Nb8 24. Bc1 Nd7 25.
Be3 Qd8 26. Ra1 Be7 27. Rxa8 Qxa8 28. Bxh6 gxh6 29. f6 Nxf6 30. Nxf6+ Bxf6 31. Qxf6 Kh7 32. c5 Qd8 33. Qf5+ Kg7 34. Ra1 Re8 35. c6 bxc6 36. dxc6 Qf6 37. Qg4+ Kh7 38. Qd7 Rb8 39. Qxc7 Rxb4 40.
Qd7 Rb2 41. Rf1 Rc2 42. c7 Qe6 43. Qd8 e4 44. Re1 Qf5 45. Rf1 Qe6 46. h5 e3 47. Qh4 exf2+ 48. Kg2 Qd5+ 49. Kh2 Rxc7 50. Rxf2 Rc1 51. Rg2 Rc4 52. g4 Qe5+ 53. Qg3 Rxg4 54.
Qxe5 Rxg2+ 55. Kxg2 dxe5 56. Kf3 f5 0-1

[Event "Early-Titled-Tuesday-Blitz-September-05-2023"]
[Site "Chess.com"]
[Date "2023.09.05"]
[Round "7"]
[White "Markov_Mikhail"]
[Black "Hikaru"]
[Result "0-1"]
[WhiteElo "2711"]
[BlackElo "3253"]
[TimeControl "180+1"]
[EndTime "9:17:34 PDT"]
[Termination "Hikaru won by checkmate"]

1. c4 a6 2. Nf3 b5 3. b3 Bb7 4. g3 bxc4 5. bxc4 Bxf3 6. exf3 c5 7.
Bg2 Nc6 8. O-O Rb8 9. Nc3 g6 10.
f4 Bg7 11. Qa4 Qc8 12. Ba3 Nd8 13. Rab1 Rxb1 14. Rxb1 Nf6 15. Rb6 Ne6 16. Qxa6 Qd8 17. Na4 O-O 18. Nxc5 Nd4 19. Qb7 d6 20. Ne4 Nd7 21.
Rb1 Qa5 22. Qxd7 Qxa3 23. Qxe7 Qxa2 24. Re1 Nf5 25. Qc7 Bd4 26. g4 Nh4 27. Qxd6 Qxc4 28.
Nf6+ Kg7 29. Ne8+ Kg8 30. Nf6+ Bxf6 31. Qxf6 Nxg2 32. Kxg2 Qd5+ 33. Kg1 Qxd2 34. Qe5 Rc8 35. Qe3 Qc2 36. h3 Qa2 37. Kg2 Rd8 38. Qf3 Qc2 39. Re2 Qc4 40. Re4 Qc5 41. Qe2 Qc6 42. Kg3 h6 43. h4 Ra8 44. Re3 Ra1 45. Qf3 Qd6 46. Qe2 Kh7 47. Qf3 Ra4 48. Rd3 Qc7 49. Rc3 Qd6 50. Rd3 Qf6 51. Re3 Ra1 52. g5 Qf5 53. Kg2 Ra4 54. Kg3 Ra1 55. Kh2 Qb1 56. Qg2 Ra4 57. Rf3 h5 58. Kg3 Qe4 59. Qh3 Ra1 60.
Qg2 Rd1 61. Re3 Qb1 62. Qf3 Rh1 63. Qe4 Qf1 64. Kf3 Rh3# 0-1

[Event "Early-Titled-Tuesday-Blitz-September-05-2023"]
[Site "Chess.com"]
[Date "2023.09.05"]
[Round "7"]
[White "cthulhuuu"]
[Black "Nf3c5"]
[Result "0-1"]
[WhiteElo "2455"]
[BlackElo "2606"]
[TimeControl "180+1"]
[EndTime "9:17:34 PDT"]
[Termination "Nf3c5 won on time"]

1. e4 e6 2. d3 c5 3. Nf3 Nc6 4. g3 Nge7 5. Bg2 g6 6. O-O Bg7 7.
Re1 d6 8. c3 e5 9. Be3 O-O 10.
d4 exd4 11. cxd4 Bg4 12. dxc5 dxc5 13. Nc3 Nd4 14. h3 Bxf3 15. Bxf3 Qb6 16. Na4 Qb4 17.
Bg2 Rad8 18. a3 Qb5 19. Nc3 Qxb2 20. Nd5 Nxd5 21. exd5 Qxa1 22. Qxa1 Ne2+ 23. Rxe2 Bxa1 24. Bxc5 Rfe8 25. Rd2 b6 26. Be3 Be5 27. Bg5 f6 28.
Bh6 Bd6 29. h4 Re1+ 30. Kh2 Rde8 31. Bf3 Rc8 32. a4 Rc3 33. Kg2 Kf7 34. Bf4 Bxf4 35. gxf4 Ke7 36. d6+ Kd7 37. h5 f5 38. hxg6 hxg6 39.
Be2 Rxe2 40. Rxe2 Kxd6 41. Re8 Rc4 42. a5 bxa5 43. Rg8 Kc5 44. Rxg6 Kb5 45. Rf6 Rxf4 46. Kg3 Rg4+ 47. Kf3 Rg5 48. Kf4 Rh5 49. Rf8 a4 50. Rb8+ Ka5 51. Rb2 a3 52. Rb3 Ka4 53. Rb7 a5 54.
Rb1 a2 55. Ra1 Ka3 56. f3 Kb2 0-1

[Event "Early-Titled-Tuesday-Blitz-September-05-2023"]
[Site "Chess.com"]
[Date "2023.09.05"]
[Round "7"]
[White "NelsonLinda"]
[Black "vedantgoswami"]
[Result "1-0"]
[WhiteElo "2498"]
[BlackElo "2316"]
[TimeControl "180+1"]
[EndTime "9:17:34 PDT"]
[Termination "NelsonLinda won on time"]

1. g3 c6 2. b3 e5 3. Bb2 d6 4. Bg2 Nf6 5. d3 Be7 6. Nd2 O-O 7. Ngf3 a5 8. a3 Bg4 9. O-O Qc8 10. Re1 Nbd7 11. Nf1 Re8 12. Ne3 Bh5 13. c4 Bf8 14. Rc1 Qd8 15. d4 Qb6 16. c5 Qc7 17.
cxd6 Bxd6 18. Nc4 e4 19. Nxd6 Qxd6 20. Ne5 e3 21. f4 Nd5 22. Qd3 f6 23. Nc4 Qe7 24.
Qf5 Bg6 25. Bxd5+ cxd5 26. Qxd5+ Bf7 27. Qd6 a4 28. Qxe7 Rxe7 29. bxa4 Rxa4 30. Nd6 Bd5 31. Rc8+ Nf8 32. Nf5 Rd7 33. Bc3 Rc4 34. Rxc4 Bxc4 35. Nxe3 Ba6 36. Kf2 Ne6 37. Rd1 Kf7 38. Nc2 f5 39.
Nb4 Nc7 40. d5 Nb5 41. Bb2 Nd6 42. Rc1 Ne4+ 43. Ke3 Bb5 44. Be5 g6 45. Rc8 Ba4 46. Rb8 h6 47. Rc8 g5 48. Rc7 Rxc7 49. Bxc7 g4 50. Kd4 Kf6 51. Be5+ Ke7 52. Nd3 1-0

[Event "Early-Titled-Tuesday-Blitz-September-05-2023"]
[Site "Chess.com"]
[Date "2023.09.05"]
[Round "7"]
[White "Hoshka"]
[Black "Apocalyps999"]
[Result "0-1"]
[WhiteElo "2038"]
[BlackElo "2304"]
[TimeControl "180+1"]
[EndTime "9:17:35 PDT"]
[Termination "Apocalyps999 won on time"]

1. d4 d5 2. c4 e6 3. g3 Nf6 4. Bg2 Bb4+ 5. Bd2 Be7 6. Nf3 O-O 7.
O-O dxc4 8. Qc2 a6 9. Qxc4 b5 10. Qc2 Bb7 11. Rc1 c6 12. Bf4 Nbd7 13. Nbd2 Nb6 14. Nb3 Nfd5 15. Ne5 Rc8 16. Nd3 Nxf4 17. gxf4 Nd5 18. e3 Qb6 19. Nbc5 Rfd8 20. a4 b4 21. Qc4 a5 22. Nxb7 Qxb7 23. Nc5 Bxc5 24. Qxc5 Qa6 25.
Bf1 Qa8 26. Rc2 h6 27. Rac1 Kh8 28. Bd3 Rc7 29. Be4 Qa6 30. Qc4 Qb6 31. Kh1 f5 32. Bf3 Rd6 33. Qc5 Qxc5 34. Rxc5 Kg8 35. Rxa5 Kf7 36. Rac5 Ke7 37. a5 Kd7 38. Bxd5 Rxd5 39. Kg2 Ra7 40. Rxd5+ exd5 41. Rc5 Kd6 42. Kf3 Ra8 43.
Ke2 g5 44. fxg5 hxg5 45. Kd3 Rh8 46. a6 Rxh2 47. Ra5 Rh8 48. a7 Ra8 49. Kc2 Kc7 50.
Kb3 Kb6 51. Kxb4 Rxa7 52. Rxa7 Kxa7 53. Kc5 Kb7 54. Kd6 f4 0-1

[Event "Early-Titled-Tuesday-Blitz-September-05-2023"]
[Site "Chess.com"]
[Date "2023.09.05"]
[Round "7"]
[White "ActorXu"]
[Black "BlitzWizard04"]
[Result "1/2-1/2"]
[WhiteElo "2722"]
[BlackElo "2611"]
[TimeControl "180+1"]
[EndTime "9:17:38 PDT"]
[Termination "Game drawn by stalemate"]

1. e4 c5 2. Nf3 e6 3. d4 cxd4 4.
Nxd4 Nc6 5. Nc3 Qc7 6. Be3 a6 7. Be2 b5 8. O-O Bb7 9. Nxc6 dxc6 10. f4 Nf6 11. e5 Rd8 12. Qe1 Nd5 13. Nxd5 cxd5 14.
c3 Bc5 15. Qf2 Bxe3 16. Qxe3 d4 17. cxd4 Qc2 18. f5 exf5 19. e6 Qe4 20. Qxe4 Bxe4 21. exf7+ Kxf7 22. a4 Rxd4 23. axb5 axb5 24. Bxb5 Rb8 25. Be2 Rxb2 26. Bf3 Bxf3 27. Rxf3 g6 28. Rf2 Rb7 29. Re2 Kf6 30. Rae1 Rb6 31. g3 h6 32. Kg2 Rdb4 33. Re8 Rb2+ 34. R1e2 Rxe2+ 35. Rxe2 g5 36. Kf3 Rb3+ 37. Kf2 f4 38. gxf4 gxf4 39. Re8 Kg5 40. Rg8+ Kh4 41. Kg2 h5 42. Rg7 Ra3 43. Rg8 f3+ 44. Kf2 Kh3 45. Rg3+ Kxh2 46. Rxf3 Ra2+ 47. Kf1 Ra1+ 48. Kf2 h4 49. Rf8 h3 50. Rg8 Ra2+ 51. Kf1 Rg2 52. Rf8 Rg5 53. Kf2 Kh1 54.
Rf7 h2 55. Rf8 Ra5 56. Kf1 Ra1+ 57. Kf2 Ra2+ 58. Kf1 Ra3 59. Kf2 Ra6 60. Kf1 Rg6 61. Kf2 Rg1 62. Rf7 Rc1 63. Rf8 Rf1+ 64. Kxf1 1/2-1/2

[Event "Early-Titled-Tuesday-Blitz-September-05-2023"]
[Site "Chess.com"]
[Date "2023.09.05"]
[Round "7"]
[White "GoltsevDmitry2000"]
[Black "Rikikits"]
[Result "0-1"]
[WhiteElo "2666"]
[BlackElo "2854"]
[TimeControl "180+1"]
[EndTime "9:17:39 PDT"]
[Termination "Rikikits won on time"]

1. e4 Nc6 2. Nf3 d6 3. d4 Nf6 4. Nc3 g6 5. Be2 Bg7 6. Bg5 h6 7. Be3 Ng4 8. Bc1 e5 9. dxe5 dxe5 10. Qxd8+ Kxd8 11. h3 Nf6 12. Be3 Bd7 13. O-O-O Kc8 14.
Bb5 Re8 15. Rd2 a6 16. Bc4 Be6 17. Bxe6+ Rxe6 18. Rhd1 b5 19. Ne1 b4 20. Na4 Nxe4 21.
Rd7 Re7 22. R7d5 Nd4 23. f3 Nd6 24. Bxd4 exd4 25. Rxd6 cxd6 26. Nb6+ Kb7 27. Nxa8 Kxa8 28. Nd3 a5 29. Re1 Rxe1+ 30. Nxe1 Kb7 31. b3 h5 32. g4 Kc6 33. Nd3 Kd5 34. gxh5 Bh6+ 35. Kd1 gxh5 36. Ke2 Bg5 37. Kf1 Ke6 38. Kg2 Kf5 39. Kh2 Bf6 40. Kg2 Bd8 41. Kh2 Kg5 42. Kg2 Bf6 43. Kh2 Kf5 44. Kg2 Be5 45. Kf2 Bf4 46.
Kg2 Be3 47. Kh2 Bf4+ 48. Kg2 Be5 49. Kf2 Kg5 50. Kg2 Kh4 51. f4 Bxf4 52. Nxf4 Kg5 53.
Nd3 Kf5 54. Kf3 Kg5 55. Nf2 Kf5 56. Ne4 Ke5 57. Nd2 d3 58. cxd3 Kd4 59. Ke2 d5 60. Nb1 h4 61. Nd2 Kc3 62. Nf3 Kb2 63. Nxh4 Kxa2 64.
Nf3 Kxb3 65. Kd1 Kb2 66. h4 a4 67. d4 a3 68. Ne1 a2 69. Nc2 b3 0-1

[Event "Early-Titled-Tuesday-Blitz-September-05-2023"]
[Site "Chess.com"]
[Date "2023.09.05"]
[Round "7"]
[White "Der_Balak_3Halak"]
[Black "NovoselovRoman"]
[Result "1-0"]
[WhiteElo "2426"]
[BlackElo "2565"]
[TimeControl "180+1"]
[EndTime "9:17:39 PDT"]
[Termination "Der_Balak_3Halak won by checkmate"]

1. e4 d5 2. e5 c5 3. c3 Nc6 4. d4 cxd4 5. cxd4 Qb6 6. Nc3 e6 7.
Nf3 Nh6 8. Bxh6 gxh6 9. Qb3 Bb4 10. Bd3 Nxd4 11. Nxd4 Qxd4 12. O-O Bxc3 13. Bb5+ Kf8 14.
bxc3 Qxe5 15. Rae1 Qd6 16. Kh1 a6 17. Bd3 b5 18. f4 Bb7 19. Qb2 Rg8 20. Rf2 Re8 21. Bxh7 Rg4 22. Qd2 Rc8 23. f5 e5 24. f6 Rh4 25. Qe3 e4 26. g3 Rh5 27.
Rf5 Rxf5 28. Qxh6+ Ke8 29. Bxf5 Rxc3 30. Qh8+ Qf8 31. Bd7+ Kxd7 32. Qxf8 d4 33. Qxf7+ Kc6 34.
Qe6+ Kc5 35. Rxe4 Re3 36. f7 Rxe4 37. Qxe4 Bxe4+ 38. Kg1 Kc4 39. f8=Q Kd3 40. g4 Ke2 41.
g5 d3 42. Qf2+ Kd1 43. Qf4 Bh7 44. Qc7 Bg6 45. Qd6 Be4 46. g6 Bxg6 47. Qxg6 d2 48. h4 Kc1 49. Qc6+ Kb2 50. Qd5 Kc1 51. Qc5+ Kb2 52.
Qd4+ Kc2 53. h5 d1=Q+ 54. Qxd1+ Kxd1 55. h6 Kc2 56. h7 Kb2 57. h8=Q+ Kxa2 58. Qf6 b4 59.
Qxa6+ Kb2 60. Kf2 b3 61. Ke3 Kc2 62. Qc6+ Kb1 63. Kd2 b2 64. Qb5 Ka1 65. Kc2 b1=N 66. Qxb1# 1-0

[Event "Early-Titled-Tuesday-Blitz-September-05-2023"]
[Site "Chess.com"]
[Date "2023.09.05"]
[Round "7"]
[White "crazy_m_attack"]
[Black "ErikRonka"]
[Result "1-0"]
[WhiteElo "2365"]
[BlackElo "2485"]
[TimeControl "180+1"]
[EndTime "9:17:40 PDT"]
[Termination "crazy_m_attack won on time"]

1. e4 c5 2. Nf3 e6 3. d4 cxd4 4. Nxd4 Nf6 5. Nc3 d6 6. Be2 Nc6 7. Be3 Be7 8. O-O O-O 9. f4 e5 10. Nb3 exf4 11. Bxf4 Ne8 12. Nd5 Bg5 13. Bg3 Be6 14.
c3 Ne5 15. Nd4 Bxd5 16. exd5 g6 17. Qb3 Rb8 18. Rae1 Nf6 19. Kh1 Ne4 20. Bxe5 dxe5 21.
Nf3 Bh4 22. g3 Bf6 23. Bd1 Nc5 24. Qc4 Rc8 25. Nd2 Bg7 26. Bf3 f5 27. d6+ Kh8 28.
Qd5 e4 29. Bg2 Nd3 30. Re2 b6 31. Nb3 Ne5 32. Nd4 Rc5 33. Qb3 Qxd6 34. Ne6 Rfc8 35. Nxc5 Rxc5 36. Rd1 Nd3 37. Rdd2 Bh6 38. Rd1 a6 39.
Qc2 Rd5 40. Rf1 Kg7 41. g4 Nc5 42. gxf5 gxf5 43. Ref2 Qe6 44. Bh3 Nd3 45. Rxf5 Rxf5 46. Rxf5 Qc6 47. Qg2+ Kh8 48. Rh5 Bg7 49. Rg5 Nf4 50.
Qg3 e3+ 51. Bg2 e2 52. Bxc6 e1=Q+ 53. Qxe1 h6 54. Qe8+ Kh7 55. Be4+ 1-0

[Event "Early-Titled-Tuesday-Blitz-September-05-2023"]
[Site "Chess.com"]
[Date "2023.09.05"]
[Round "7"]
[White "MarcoRiehle"]
[Black "Duhless"]
[Result "1-0"]
[WhiteElo "2815"]
[BlackElo "2994"]
[TimeControl "180+1"]
[EndTime "9:17:41 PDT"]
[Termination "MarcoRiehle won on time"]

1. e4 Nc6 2. Nf3 e5 3. Bc4 Nf6 4. d4 exd4 5. O-O d6 6. Nxd4 Be7 7. Nxc6 bxc6 8. Nc3 O-O 9. Bb3 Re8 10. Re1 Nd7 11. Be3 Bf6 12. h3 Bxc3 13. bxc3 Rxe4 14. Qf3 d5 15.
Bd4 Rxe1+ 16. Rxe1 Nf8 17. Qg3 Ng6 18. h4 h5 19. c4 dxc4 20. Bxc4 Qxd4 21. Qxg6 Be6 22. Bxe6 fxe6 23. Qxe6+ Kh8 24. Re4 Qd1+ 25. Kh2 Rf8 26.
f3 Qd6+ 27. Re5 Qxe6 28. Rxe6 Rf5 29. Rxc6 Ra5 30. Rxc7 Rxa2 31. Rc5 g6 32. Rc7 a5 33.
Kg3 Rb2 34. Kf4 Rb5 35. c4 Rf5+ 36. Ke4 Kg8 37. c5 a4 38. Kd4 Kf8 39. Ra7 Ke8 40.
Kc4 Rf4+ 41. Kb5 Rxh4 42. Rxa4 Rh1 43. c6 Ke7 44. Rd4 Rc1 45. Rd2 g5 46. Kb6 Rb1+ 47. Ka7 Ra1+ 48. Kb7 Rb1+ 49. Kc8 h4 50. c7 Rb4 51.
Re2+ Kf7 52. Kd7 Rd4+ 53. Kc6 Rc4+ 54. Kd6 Rc1 55. Re5 Kf6 56. Rc5 1-0

[Event "Early-Titled-Tuesday-Blitz-September-05-2023"]
[Site "Chess.com"]
[Date "2023.09.05"]
[Round "7"]
[White "Fh2411"]
[Black "amanjazu"]
[Result "1-0"]
[WhiteElo "2588"]
[BlackElo "2356"]
[TimeControl "180+1"]
[EndTime "9:17:42 PDT"]
[Termination "Fh2411 won by resignation"]

1. d4 f5 2. g3 Nf6 3. Bg2 g6 4. h4 h6 5. Nh3 Bg7 6. Nf4 Kf7 7.
c3 d5 8. Nd2 e6 9. Nf3 Nbd7 10.
Nd3 Ne4 11. Bf4 Re8 12. Be5 c5 13. Bxg7 Kxg7 14. e3 b6 15. Nde5 Nxe5 16. Nxe5 Ba6 17.
Qf3 cxd4 18. exd4 Rc8 19. Qe3 g5 20. hxg5 Qxg5 21. Qxg5+ hxg5 22. Bxe4 fxe4 23. Kd2 Rh8 24. Ke3 Bb5 25. f3 exf3 26. Nxf3 g4 27. Ne5 a5 28.
a3 Rxh1 29. Rxh1 Be8 30. Nxg4 Bg6 31. Ne5 Bf5 32. g4 Be4 33. Rh4 Rf8 34. Rh2 Rf1 35.
Rf2 Re1+ 36. Kf4 Kf6 37. Nd7+ Kg7 38. Nxb6 Rb1 39. Nd7 Bd3 40. Nc5 Bc4 41. Nxe6+ Kf6 42. Nc5 Re1 43. Nd7+ Kg6 44. Ne5+ Kg7 45. Nxc4 dxc4 46.
Kf5 Rb1 47. g5 Rg1 48. d5 Rd1 49. Ke6 Rg1 50. Rf5 Kg6 51. d6 Rh1 52. d7 Rh8 53. Rd5 Rd8 54. Ke7 1-0

[Event "Early-Titled-Tuesday-Blitz-September-05-2023"]
[Site "Chess.com"]
[Date "2023.09.05"]
[Round "7"]
[White "Sargsyan_Shant"]
[Black "DenLaz"]
[Result "1-0"]
[WhiteElo "2970"]
[BlackElo "3068"]
[TimeControl "180+1"]
[EndTime "9:17:44 PDT"]
[Termination "Sargsyan_Shant won by resignation"]

1. c4 Nf6 2. g3 e6 3. Bg2 d5 4. Nf3 Be7 5. O-O O-O 6. d4 dxc4 7. Qc2 a6 8. a4 Bd7 9. Qxc4 Bc6 10. Bg5 Nbd7 11. Nc3 h6 12. Bxf6 Nxf6 13. b4 Bd5 14.
Nxd5 exd5 15. Qb3 Bd6 16. b5 Re8 17. e3 Qd7 18. Rfb1 axb5 19. axb5 h5 20. h4 g6 21. Ng5 Qf5 22. Qd1 Ne4 23. Nxe4 dxe4 24. Bf1 Kg7 25. Rxa8 Rxa8 26. Ra1 Rh8 27. b6 g5 28. hxg5 h4 29.
g4 Qxg5 30. bxc7 h3 31. Rc1 h2+ 32. Kh1 Rc8 33. Bg2 Qf6 34. Qe2 Qe6 35. g5 Rxc7 36. Rxc7 Bxc7 37. Qc2 Bd8 38. Qxe4 Qxe4 39. Bxe4 Bxg5 40.
Kxh2 b5 41. Kg3 Kf6 42. Bd5 Ke7 43. Kg4 Bh6 44. Bb3 Bg7 45. Kf5 b4 46. f4 Bh8 47.
Ke4 Bf6 48. Kd5 Bh4 49. e4 Bf2 50. e5 f6 51. Ke4 fxe5 52. fxe5 Bg1 53. d5 Bc5 54.
Ba4 Bb6 55. d6+ Ke6 56. Bb3+ Kd7 57. Kd5 Bd8 58. e6+ Ke8 59. Ba4+ Kf8 60. Kc6 Ke8 61.
Bd1 Bf6 62. Kc7 Bd8+ 63. Kc8 Bh4 64. Ba4+ Kf8 65. Kd7 1-0